 Dungeon Crawl Stone Soup version 0.29-a0-23-ga79f92ac9c (webtiles) character file.

Game seed: 940140109616128864

511 Gargoyl the Skirmisher (level 7, -4/60 HPs)
             Began as a Gnoll Abyssal Knight on Jan 30, 2022.
             Was a Believer of Lugonu.
             Killed from afar by a gargoyle (12 damage)
             ... with a stone arrow
             ... on level 5 of the Dungeon.
             The game lasted 00:04:56 (4478 turns).

Gargoyl the Skirmisher (Gnoll Abyssal Knight)       Turns: 4478, Time: 00:04:56

Health: -4/60      AC: 12    Str: 14      XL:     7   Next: 19%
Magic:  0/10       EV: 11    Int: 10      God:    Lugonu [**....]
Gold:   124        SH:  0    Dex: 10 (12) Spells: 10/10 levels left

rFire   . . .      SeeInvis .   a - +2 hand axe (chaos)
rCold   + . .      Faith    .   (no shield)
rNeg    . . .      Spirit   +   d - +1 chain mail
rPois   .          Reflect  .   (no helmet)
rElec   .          Harm     .   (no cloak)
rCorr   .          Rampage  .   (no gloves)
Will    .....                   (no boots)
Stlth   ..........              g - amulet of guardian spirit
HPRegen 0.20/turn               o - +4 ring of evasion
MPRegen 0.12/turn               i - ring of protection from cold

@: no status effects
A: fangs 1, strong nose, distributed training, iridescent scales 1,
deterioration 1, no potion heal 1
a: Renounce Religion, Depart the Abyss, Bend Space


You were on level 5 of the Dungeon.
You worshipped Lugonu.
Lugonu was pleased with you.
You visited 1 branch of the dungeon, and saw 5 of its levels.
You visited the Abyss 1 time.

You collected 124 gold pieces.

Inventory:

Hand Weapons
 a - a +2 hand axe of chaos (weapon)
Missiles
 e - 14 poisoned darts (quivered)
Armour
 d - a +1 chain mail (worn)
Jewellery
 g - an amulet of guardian spirit (around neck)
 i - a ring of protection from cold (right hand)
 o - a +4 ring of evasion (left hand)
Wands
 b - a wand of flame (21)
 n - a wand of iceblast (6)
 p - a wand of charming (2)
Scrolls
 c - 2 scrolls of teleportation
 l - a scroll of enchant armour
Potions
 f - a potion of mutation
 h - a potion of heal wounds
 j - 3 potions of brilliance
 k - a potion of attraction {unknown}
 m - a potion of curing {unknown}


   Skills:
 + Level 7.0 Fighting
 + Level 2.3 Short Blades
 + Level 2.3 Long Blades
 + Level 5.1 Axes
 + Level 2.3 Maces & Flails
 + Level 2.3 Polearms
 + Level 2.3 Staves
 + Level 2.3 Slings
 + Level 2.3 Bows
 + Level 2.3 Crossbows
 + Level 2.3 Throwing
 + Level 5.1 Armour
 + Level 3.5 Dodging
 + Level 2.3 Stealth
 + Level 2.3 Shields
 + Level 2.3 Unarmed Combat
 + Level 2.3 Spellcasting
 + Level 1.9 Conjurations
 + Level 1.9 Hexes
 + Level 1.9 Summonings
 + Level 1.9 Necromancy
 + Level 1.9 Translocations
 + Level 1.9 Transmutations
 + Level 1.9 Fire Magic
 + Level 1.9 Ice Magic
 + Level 1.9 Air Magic
 + Level 1.9 Earth Magic
 + Level 1.9 Poison Magic
 + Level 5.3 Invocations
 + Level 2.3 Evocations


You had 10 spell levels left.
You didn't know any spells.
Your spell library was empty.

Dungeon Overview and Level Annotations

Branches:
Dungeon (5/15)
 Temple: D:4-7

Altars:
Dithmenos
Hepliaklqana
Qazlal
Ru
Trog
Uskayaw
Xom
Yredelemnul


Innate Abilities, Weirdness & Mutations

You have very sharp teeth.
Your uncanny sense of smell can sniff out nearby items.
Your experience applies equally to all skills.
You are partially covered in iridescent scales. (AC +2)
Your body sometimes deteriorates upon taking damage.
Potions are less effective at restoring your health.


Message History

You feel strangely unstable. The gargoyle hits you with a +0 mace.
* * * LOW HITPOINT WARNING * * *
The iguana misses you.
The gargoyle hurls a stone arrow at you.
The stone arrow hits you!
* * * LOW HITPOINT WARNING * * *
Your body deteriorates!
You feel clumsy.
Okay, then.
Space bends around you!
You blink.
A gnoll comes into view. It is wielding a +0 whip.
The gnoll shouts!
You hear a shout!
A gnoll comes into view. It is wielding a +0 whip.
Unknown command.
As you read the scroll of summoning, it crumbles to dust.
Wisps of shadow whirl around you...
Your surroundings suddenly seem different.
Found 19 bolts.
You start resting.
An iguana is nearby!
An iguana is nearby!
What are your orders? t - Bark!
Orders for allies: a - Attack new target. r - Retreat! s - Stop attacking. g - Guard the area. f - Follow me.
Anything else - Cancel.
Gang up on whom?
Press: ? - help, Dir - move target, f - iguana
Aim: an iguana (lightly wounded) Attack!
Your howler monkey barely misses the iguana.
The iguana bites your howler monkey!
Your howler monkey hits the iguana but does no damage.
The iguana misses your howler monkey.
Unknown command.
Okay, then.
Your howler monkey hits the iguana but does no damage.
The gargoyle hurls a stone arrow at you.
The stone arrow hits you!
You die...

.. .#.#
#....<.........## ..
.....##.#.##........#
. #.....#.......#####
##...........###
#..............#
#..............#
.##......l.>....##
........#.h...###
#........#.[@##
...........9.#
......#...####
......##..#
........#...#
#..#......###
##..#### #.. #(.


You could see a gargoyle (strong), an iguana (ally target) and a friendly howler
monkey (summoned).

Vanquished Creatures
  An ogre (D:5)
  A black bear (D:5)
  A scorpion (D:4)
  2 bullfrog zombies
  An orc priest (D:3)
  Ijyb (D:3)
  An orc wizard (D:4)
  A howler monkey zombie (D:3)
  4 adders
  A howler monkey skeleton (D:4)
  2 worms
  A dart slug (D:2)
  7 orcs
  6 ball pythons
  4 bats
  4 endoplasms
  5 giant cockroaches
  8 goblins
  4 hobgoblins
  A jackal (D:2)
  2 quokkas
  4 frilled lizards
  7 kobolds
  8 rats
77 creatures vanquished.

Notes
Turn   | Place    | Note
-------+----------+-------------------------------------------
     0 | Abyss:1  | Gargoyl the Gnoll Abyssal Knight began the quest for the
                  | Orb.
     0 | Abyss:1  | Reached XP level 1. HP: 23/23 MP: 3/3
    91 | Abyss:1  | Found a corrupted altar of Lugonu.
   165 | Abyss:1  | Found a broken altar of Ashenzari.
   166 | Abyss:1  | Noticed a ynoxinul
   167 | D:1      | Escaped the Abyss
   745 | D:1      | Reached XP level 2. HP: 29/29 MP: 5/5
   795 | D:1      | Reached * piety under Lugonu
  1085 | D:2      | Gained mutation: Potions are less effective at restoring
                  | your health. [potion of mutation]
  1085 | D:2      | Gained mutation: Your body sometimes deteriorates upon
                  | taking damage. [potion of mutation]
  1085 | D:2      | Gained mutation: You are partially covered in iridescent
                  | scales. (AC +2) [potion of mutation]
  1120 | D:2      | Reached XP level 3. HP: 31/35 MP: 6/6
  1753 | D:2      | Reached skill level 1 in Short Blades
  1753 | D:2      | Reached skill level 1 in Long Blades
  1753 | D:2      | Reached skill level 1 in Maces & Flails
  1753 | D:2      | Reached skill level 1 in Polearms
  1753 | D:2      | Reached skill level 1 in Staves
  1753 | D:2      | Reached skill level 1 in Slings
  1753 | D:2      | Reached skill level 1 in Bows
  1753 | D:2      | Reached skill level 1 in Crossbows
  1753 | D:2      | Reached skill level 1 in Throwing
  1753 | D:2      | Reached skill level 1 in Stealth
  1753 | D:2      | Reached skill level 1 in Shields
  1753 | D:2      | Reached skill level 1 in Unarmed Combat
  1753 | D:2      | Reached skill level 1 in Spellcasting
  1753 | D:2      | Reached skill level 1 in Evocations
  2164 | D:3      | Reached XP level 4. HP: 39/41 MP: 7/7
  2270 | D:3      | Reached ** piety under Lugonu
  2271 | D:3      | Reached skill level 1 in Conjurations
  2271 | D:3      | Reached skill level 1 in Hexes
  2271 | D:3      | Reached skill level 1 in Summonings
  2271 | D:3      | Reached skill level 1 in Necromancy
  2271 | D:3      | Reached skill level 1 in Translocations
  2271 | D:3      | Reached skill level 1 in Transmutations
  2271 | D:3      | Reached skill level 1 in Fire Magic
  2271 | D:3      | Reached skill level 1 in Ice Magic
  2271 | D:3      | Reached skill level 1 in Air Magic
  2271 | D:3      | Reached skill level 1 in Earth Magic
  2271 | D:3      | Reached skill level 1 in Poison Magic
  2411 | D:3      | Reached XP level 5. HP: 27/47 MP: 8/8
  2579 | D:3      | Noticed Ijyb
  2622 | D:3      | Killed Ijyb
  2851 | D:3      | Found a basalt altar of Yredelemnul.
  2879 | D:3      | Found a bloodstained altar of Trog.
  2970 | D:3      | Found a hazy altar of Hepliaklqana.
  3000 | D:3      | Found a shimmering altar of Xom.
  3025 | D:3      | Found a shadowy altar of Dithmenos.
  3157 | D:3      | Found a sacrificial altar of Ru.
  3525 | D:4      | Found a hide-covered altar of Uskayaw.
  3766 | D:4      | Reached skill level 5 in Invocations
  3766 | D:4      | Reached XP level 6. HP: 45/53 MP: 9/9
  4019 | D:4      | Reached skill level 5 in Axes
  4019 | D:4      | Reached skill level 5 in Armour
  4221 | D:5      | Entered Level 5 of the Dungeon
  4222 | D:5      | Noticed a black bear
  4233 | D:5      | Killed a black bear
  4255 | D:5      | Found a stormy altar of Qazlal.
  4304 | D:5      | Reached skill level 7 in Fighting
  4304 | D:5      | Reached XP level 7. HP: 39/60 MP: 6/10
  4431 | D:5      | Noticed a gargoyle
  4441 | D:5      | HP: 3/60 [gargoyle/stone arrow (7)]
  4478 | D:5      | Killed from afar by a gargoyle

Illustrated notes

Levels and vault maps discovered:
D:1:      nicolae_arrival_somewhat_less_tricky_arrival, layout_loops_ring
D:2:      layout_basic, minmay_circle_x
D:3:      layout_loops_ring, nicolae_overflow_hidden_temple, xom_teletrap_fun,
          old_standard_altar, mainiacjoe_overflow_big_doors,
          grunt_dithmenos_smoke, uniq_ijyb
D:4:      layout_rooms, nicolae_uskayaw_dance_hall, wad_floor_pattern_untrapped
D:5:      layout_cave_pools, nicolae_qazlal_scattered_showers

Skill      XL: |  1  2  3  4  5  6 |
---------------+-------------------+-----
Short Blades   | 1 2 |  2.3
Long Blades    | 1 2 |  2.3
Maces & Flails | 1 2 |  2.3
Polearms       | 1 2 |  2.3
Staves         | 1 2 |  2.3
Slings         | 1 2 |  2.3
Bows           | 1 2 |  2.3
Crossbows      | 1 2 |  2.3
Throwing       | 1 2 |  2.3
Stealth        | 1 2 |  2.3
Shields        | 1 2 |  2.3
Unarmed Combat | 1 2 |  2.3
Spellcasting   | 1 2 |  2.3
Evocations     | 1 2 |  2.3
Conjurations   | 1 |  1.9
Hexes          | 1 |  1.9
Summonings     | 1 |  1.9
Necromancy     | 1 |  1.9
Translocations | 1 |  1.9
Transmutations | 1 |  1.9
Fire Magic     | 1 |  1.9
Ice Magic      | 1 |  1.9
Air Magic      | 1 |  1.9
Earth Magic    | 1 |  1.9
Poison Magic   | 1 |  1.9
Dodging        | 3 |  3.5
Invocations    | 5 |  5.3
Axes           | 5 |  5.1
Armour         | 5 |  5.1
Fighting       | 7 |  7.0

Action                   |  1- 3 |  4- 6 |  7- 9 || total
-------------------------+-------+-------+-------++-------
Melee: Hand axe          |    95 |   138 |     7 ||   240
       Bite              |     7 |    10 |     1 ||    18
       Punch             |       |     2 |       ||     2
Throw: Dart              |       |     4 |       ||     4
Invok: Depart the Abyss  |     1 |       |       ||     1
       Bend Space        |       |     1 |     1 ||     2
  Use: Scroll            |     4 |     3 |     5 ||    12
       Potion            |     1 |       |       ||     1
Armor: Chain mail        |    76 |    87 |     2 ||   165
       Leather armour    |     6 |       |       ||     6
Dodge: Dodged            |    48 |    63 |    10 ||   121

Table legend: (Time is in decaauts)
 A = Elapsed time spent in this place.
 B = Non-inter-level travel time spent in this place.
 C = Inter-level travel time spent in this place.
 D = Time resting spent in this place.
 E = Time spent auto-exploring this place.
 F = Levels seen in this place.
 G = Mean time per level.
                   A        B        C        D        E       F      G
               +--------+--------+--------+--------+--------+-----+--------+
         Total |   4491 |   4351 |    140 |     23 |   3550 |   6 |  748.5 |
       Dungeon |   4324 |   4184 |    140 |     23 |   3388 |   5 |  864.8 |
         Abyss |    167 |    167 |      0 |      0 |    162 |   1 |  167.0 |
               +--------+--------+--------+--------+--------+-----+--------+

Top non-repeatable levels by time:
     D:3: 1374 daAuts
     D:2: 1076 daAuts
     D:1: 916 daAuts
     D:4: 698 daAuts
     D:5: 258 daAuts
 Abyss:1: 167 daAuts
